Match 37344315
Unlisted

Match 37344315
End
Panzergrenadier Squad
Selects Battlefield Espionage Battlegroup
Panzergrenadier Squad
Construct Light Support Kompanie
2.5-tonne Medical Truck
Selects Intel Disruption Beacon
Construct Mechanized Kompanie
Combat Half-tracks
Assault Mechanized Group
Veteran Squad Leaders
Selects 250/3 Funkpanzerwagen
250/3 Funkpanzerwagen
Support Armor Elements
Selects Plunder
Selects Advanced Ambush Training
Assault Mechanized Group
Construct Panzerarmee Kommand
Selects Plunder
Assault Grenadier Squad
Armored Reserves
Panzer III Assault Group
18-tonne Recovery Half-track
Selects Firestorm
Firestorm
Selects Operation Skorpion
Tiger Heavy Tank
Firestorm
Redundant.S
The0ddGod
霸气登场
GRAND_TURIZMO
D3athByS3xy
硕大的根
火龙果
CPU - VERY EASY
0
0

Comments sign in to comment!

No comments posted yet!